 Dungeon Crawl Stone Soup version 0.30-a0-135-g630cfc4551 (webtiles) character file.

Game seed: 17093527601648233009

629 Hubris850 the Cutter (level 7, -3/59 HPs)
             Began as a Hill Orc Fighter on Sept 20, 2022.
             Slain by an ogre
             ... wielding a +0 giant club
              (13 damage)
             ... on level 5 of the Dungeon.
             The game lasted 00:07:33 (4522 turns).

Hubris850 the Cutter (Hill Orc Fighter)             Turns: 4522, Time: 00:07:33

Health: -3/59      AC: 10    Str: 24    XL:     7   Next: 48%
Magic:  0/7        EV:  9    Int:  8    God:
Gold:   279        SH:  6    Dex: 22    Spells: 6/6 levels left

rFire   . . .      SeeInvis .    v - +7 rapier "Kaaheem" {holy, Str+3}
rCold   . . .      Faith    .    c - +0 buckler
rNeg    . . .      Spirit   +    b - +0 scale mail
rPois   .          Reflect  .    (no helmet)
rElec   .          Harm     .    z - +2 cloak
rCorr   .          Rampage  .    (no gloves)
Will    .....                    (no boots)
Stlth   ..........               n - amulet of guardian spirit
HPRegen 0.19/turn                f - +6 ring of dexterity
MPRegen 0.10/turn                q - +6 ring of dexterity

@: no status effects
A: no striking features
a: no special abilities


You were on level 5 of the Dungeon.
You visited 1 branch of the dungeon, and saw 5 of its levels.

You collected 279 gold pieces.

Inventory:

Hand Weapons
 a - a +0 war axe
 s - a +2 short sword of electrocution
 v - the +7 rapier "Kaaheem" (weapon) {holy, Str+3}
   (You found it on level 3 of the Dungeon)

   It has been blessed by the Shining One to cause great damage to the undead
   and demons.
   Str:       It affects your strength (+3).
Missiles
 y - 5 boomerangs (quivered)
Armour
 b - a +0 scale mail (worn)
 c - a +0 buckler (worn)
 r - a +0 cloak
 z - a +2 cloak (worn)
Jewellery
 f - a +6 ring of dexterity (left hand)
 n - an amulet of guardian spirit (around neck)
 q - a +6 ring of dexterity (right hand)
 C - a ring of resist corrosion
Scrolls
 i - 3 scrolls of fog {unknown}
 k - 3 scrolls of identify {unknown}
 m - a scroll of enchant armour {unknown}
 u - a scroll of amnesia {unknown}
 w - a scroll of enchant weapon {unknown}
 x - a scroll of magic mapping {unknown}
 A - a scroll of teleportation {unknown}
 B - a scroll of vulnerability {unknown}
Potions
 d - 2 potions of might
 e - a potion of resistance {unknown}
 g - 2 potions of attraction {unknown}
 h - 7 potions of brilliance {unknown}
 j - a potion of flight {unknown}
 l - 2 potions of heal wounds {unknown}
 o - 2 potions of curing {unknown}
 p - a potion of berserk rage {unknown}
 t - 2 potions of mutation {unknown}


   Skills:
 - Level 4.0 Fighting
 + Level 6.3 Short Blades
 - Level 4.7 Axes
 - Level 4.0 Armour
 - Level 4.0 Shields


You had 6 spell levels left.
You didn't know any spells.
Your spell library was empty.

Dungeon Overview and Level Annotations

Branches:
Dungeon (5/15)
 Temple: D:4-7

Altars:
Kikubaaqudgha
Makhleb
Qazlal
Yredelemnul

Shops:
D:3 ?

Annotations:
D:4 1 runed translucent door


Message History

You barely miss the ogre.
The ogre is moderately wounded.
You block the ogre's attack.
You puncture the ogre!
The ogre is heavily wounded.
You hit the ogre.
The ogre is severely wounded.
The ogre hits you with a +0 giant club!!
You puncture the ogre!
You kill the ogre!
Your Short Blades skill increases to level 6!
No target in view!
A white imp comes into view.
The white imp shouts!
You hear a shout!
The white imp gestures at you. The puff of frost hits you!
An ogre comes into view. It is wielding a +0 giant club.
The ogre shouts!
The white imp closely misses you.
You barely miss the white imp.
The white imp hits you but does no damage.
You barely miss the white imp. You block the white imp's attack.
You impale the white imp!!
You kill the white imp!
The ogre hits you with a +0 giant club!
* * * LOW HITPOINT WARNING * * *
You are too injured to fight recklessly!
You are too injured to fight recklessly!
You are too injured to fight recklessly!
You are too injured to fight recklessly!
You hit the ogre.
The ogre is moderately wounded.
The ogre hits you with a +0 giant club!
* * * LOW HITPOINT WARNING * * *
You hit the ogre.
The ogre is moderately wounded.
You hit the ogre.
The ogre is moderately wounded.
The ogre hits you with a +0 giant club!
You die...

......................#
#......##.............#
...........<..........#
......)...............#
#......$...............
#....##..........#.....
###.###..............?
#....^.....>.........
........#@.####.#
.#......#O....#
#......#..#..#
##........##....
........... ....
....#......# ...
....#....... . ........


You could see an ogre.

Vanquished Creatures
  An ogre (D:5)
  A scorpion (D:4)
  A hound (D:4)
  2 orc priests (D:4)
  Jessica (D:3)
  3 iguanas
  4 orc wizards (D:4)
  3 gnolls (D:4)
  5 adders
  A white imp (D:5)
  A worm (D:3)
  2 dart slugs (D:2)
  20 orcs
  5 ball pythons
  7 bats
  6 endoplasms
  2 giant cockroaches
  5 goblins
  8 hobgoblins
  2 quokkas
  7 frilled lizards
  10 kobolds
  10 rats
107 creatures vanquished.

Notes
Turn   | Place    | Note
-------+----------+-------------------------------------------
     0 | D:1      | Hubris850 the Hill Orc Fighter began the quest for the Orb.
     0 | D:1      | Reached XP level 1. HP: 19/19 MP: 1/1
   176 | D:1      | Reached XP level 2. HP: 27/27 MP: 2/2
   593 | D:1      | Reached XP level 3. HP: 33/33 MP: 3/3
  1240 | D:2      | Found a faded altar of an unknown god.
  1772 | D:3      | Noticed Jessica
  1778 | D:3      | Killed Jessica
  1779 | D:3      | Reached XP level 4. HP: 31/40 MP: 4/4
  2087 | D:3      | Found a stormy altar of Qazlal.
  2195 | D:3      | Found Vocsudid's Magic Scroll Shoppe.
  2243 | D:3      | Identified the +7 rapier "Kaaheem" {holy, Str+3}
  2510 | D:3      | Reached skill level 1 in Short Blades
  2562 | D:3      | You fall into a shaft and drop 1 floor!
  2575 | D:3      | Reached XP level 5. HP: 46/46 MP: 5/5
  2741 | D:4      | Reached skill level 2 in Short Blades
  2809 | D:4      | Found an ancient bone altar of Kikubaaqudgha.
  2827 | D:4      | Reached skill level 3 in Short Blades
  2827 | D:4      | Reached XP level 6. HP: 19/52 MP: 3/6
  3102 | D:4      | Reached skill level 4 in Short Blades
  3343 | D:4      | Reached skill level 5 in Short Blades
  3463 | D:4      | Reached XP level 7. HP: 43/57 MP: 5/7
  3705 | D:4      | Found a burning altar of Makhleb.
  3993 | D:4      | Found a runed translucent door.
  3993 | D:4      | Noticed a human
  3995 | D:4      | Found a basalt altar of Yredelemnul.
  4418 | D:5      | Entered Level 5 of the Dungeon
  4499 | D:5      | Reached skill level 6 in Short Blades
  4522 | D:5      | Slain by an ogre

Illustrated notes

Levels and vault maps discovered:
D:1:      shiori_arrival_elements, layout_loops_ring, solitary_fountain
D:2:      layout_basic, chequers_ecumenical_altar_island, moated_statue
D:3:      layout_basic, mainiacjoe_overflow_tiny_flanked, serial_shops,
          shop_scrolls, amcnicky_mini_pool_small, uniq_jessica
D:4:      cheibrodos_quashed, layout_basic, kiku_gazebo_pond_becter,
          dk_yredelemnul_ordeal, old_standard_altar
D:5:      layout_cave_pools, eat_drink_and_be_merry_uskayaw, uniq_grinder,
          uniq_blork_the_orc

Skill      XL: |  1  2  3  4  5  6  7 |
---------------+----------------------+-----
Axes           | 3 4 |  4.7
Fighting       | 4 |  4.0
Armour         | 4 |  4.0
Shields        | 4 |  4.0
Short Blades   | 1 3 5 6 |  6.3

Action                   |  1- 3 |  4- 6 |  7- 9 || total
-------------------------+-------+-------+-------++-------
Melee: War axe           |    97 |    24 |       ||   121
       Short sword       |       |    17 |       ||    17
       Rapier            |       |    86 |    47 ||   133
Throw: Boomerang         |       |       |     4 ||     4
Armor: Scale mail        |    28 |    40 |    11 ||    79
Dodge: Dodged            |    45 |    38 |     8 ||    91
Block: Buckler           |    25 |    24 |    13 ||    62

Table legend: (Time is in decaauts)
 A = Elapsed time spent in this place.
 B = Non-inter-level travel time spent in this place.
 C = Inter-level travel time spent in this place.
 D = Time resting spent in this place.
 E = Time spent auto-exploring this place.
 F = Levels seen in this place.
 G = Mean time per level.
                   A        B        C        D        E       F      G
               +--------+--------+--------+--------+--------+-----+--------+
         Total |   4572 |   4511 |     61 |    360 |   3431 |   5 |  914.4 |
       Dungeon |   4572 |   4511 |     61 |    360 |   3431 |   5 |  914.4 |
               +--------+--------+--------+--------+--------+-----+--------+

Top non-repeatable levels by time:
     D:4: 1712 daAuts
     D:1: 1009 daAuts
     D:3: 972 daAuts
     D:2: 773 daAuts
     D:5: 104 daAuts
